 Dungeon Crawl Stone Soup version 0.14.2 (webtiles) character file.

234 Amnesiac the Charlatan (level 5, -11/25 HPs)
             Began as a Spriggan Artificer on Feb 9, 2018.
             Mangled by Duvessa
             ... wielding a +0,+1 short sword of electrocution
              (12 damage)
             ... on Level 4 of the Dungeon.
             The game lasted 00:02:39 (1209 turns).

Amnesiac the Charlatan (Spriggan Artificer)         Turns: 1209, Time: 00:02:39

HP -11/25        AC  2     Str  8      XL: 5   Next: 53%
MP  14/14        EV 19     Int 14      God:
Gold 28          SH  0     Dex 16      Spells:  0 memorised,  4 levels left

rFire  . . .     SeeInvis +     j - +1 dagger (elec)
rCold  . . .     Clarity  .     e - +0 robe
rNeg   . . .     Conserve .     (shield restricted)
rPois  .         rCorr    .     (helmet restricted)
rElec  .         rRot     .     (no cloak)
SustAb . .       Spirit   .     (gloves unavailable)
rMut   .         Warding  .     (boots unavailable)
Saprov . . .     Stasis   .     (no amulet)
MR     .....                    (no ring)
                                (no ring)

@: slowed, quick, not resistant to hostile enchantments, fairly stealthy
A: unfitting armour, see invisible, herbivore 3, speed 3, slow metabolism 2
a: no special abilities


You were on level 4 of the Dungeon.
You were not hungry.

You visited 1 branch of the dungeon, and saw 4 of its levels.

You collected 28 gold pieces.

Inventory:

Hand weapons
 a - a +0,+0 short sword
 j - a +1,+1 dagger of electrocution (weapon)
 n - the +5,+5 short sword "Cookie Cutter" {flame, rPois rN+ SInv, unknown}
   (You found it on level 4 of the Dungeon)

   It emits flame when wielded, causing extra injury to most foes and up to
   double damage against particularly susceptible opponents.
   Big, fiery blades are also staple armaments of hydra-hunters.
   It protects you from poison.
   It protects you from negative energy.
   It enhances your eyesight.
Missiles
 k - 2 darts (quivered)
 m - a stone
Armour
 e - a +0 robe (worn)
Magical devices
 b - a wand of flame (14)
 c - a wand of enslavement (13)
 d - a wand of random effects (4)
Comestibles
 i - a cheese
Scrolls
 g - a scroll of remove curse {!r, unknown}
Potions
 f - a potion of porridge {!q}
 h - 2 potions of heal wounds {!q, unknown}
 l - a potion of curing {!q, unknown}


   Skills:
 - Level 1.0 Fighting
 + Level 4.5 Short Blades
 - Level 4.0 Dodging
 - Level 2.0 Stealth
 - Level 5.7 Evocations


You had 4 spell levels left.
You didn't know any spells.

Dungeon Overview and Level Annotations

Branches:
Dungeon (4/15)
 Temple: D:4-7

Altars:

Annotations:
D:4 Dowan, Duvessa


Innate Abilities, Weirdness & Mutations

You are tiny and cannot use many weapons and most armour.
You have supernaturally acute eyesight.
You are a herbivore.
You cover ground extremely quickly.
You need consume almost no food.


Message History

Zapping:
c - a wand of enslavement (15)
Press: ? - help, Shift-Dir - straight line, f - Duvessa
Aim: Duvessa, wielding a glowing short sword Dowan resists with significant effort.
This wand has 14 charges left.
Evoke which item? (* to show all) (? for menu, Esc to quit)
Zapping:
c - a wand of enslavement (14)
Press: ? - help, Shift-Dir - straight line, p - Duvessa Duvessa resists.
This wand has 13 charges left.
Dowan drinks a potion.
Dowan seems to speed up.
Duvessa gestures with her weapon.
No previous command to re-do.
Evoke which item? (* to show all) (? for menu, Esc to quit)
Zapping:
d - a wand of random effects (9)
Press: ? - help, Shift-Dir - straight line, f - Duvessa
Aim: Duvessa, wielding a glowing short sword
Okay, then.
Evoke which item? (* to show all) (? for menu, Esc to quit)
Zapping:
d - a wand of random effects (9)
Press: ? - help, Shift-Dir - straight line, f - Dowan
Aim: Dowan, wielding a dagger, wearing a robe and carrying a wand of slowing {zapped: 2} (moving very quickly) Duvessa flickers and vanishes for a moment.
This wand has 8 charges left.
Dowan says, "Magic and the sword, together, will defeat you."
Dowan zaps a wand.
Duvessa seems to slow down.
Evoke which item? (* to show all) (? for menu, Esc to quit)
Zapping:
d - a wand of random effects (8)
Press: ? - help, Shift-Dir - straight line, p - Dowan The magic dart hits Duvessa.
Duvessa is lightly wounded.
This wand has 7 charges left.
Evoke which item? (* to show all) (? for menu, Esc to quit)
You don't have any such object.
Evoke which item? (* to show all) (? for menu, Esc to quit)
That item cannot be evoked!
Evoke which item? (* to show all) (? for menu, Esc to quit)
Zapping:
d - a wand of random effects (7)
Press: ? - help, Shift-Dir - straight line, f - Duvessa
Aim: Duvessa, wielding a glowing short sword (lightly wounded, moving slowly, slightly transparent)
The magic dart hits Duvessa.
Duvessa is lightly wounded.
This wand has 6 charges left.
Dowan mumbles some strange words.
Dowan blinks!
Evoke which item? (* to show all) (? for menu, Esc to quit)
Zapping:
d - a wand of random effects (6)
Press: ? - help, Shift-Dir - straight line, f/p - Duvessa
Aim: Duvessa, wielding a glowing short sword (lightly wounded, moving slowly, slightly transparent) Duvessa seems to speed up.
This wand has 5 charges left.
Duvessa barely misses you.
Dowan zaps a wand.
Duvessa resists with almost no effort.
Duvessa hits you with a glowing short sword.
You are electrocuted!
Ouch! That really hurt!
* * * LOW HITPOINT WARNING * * *
Evoke which item? (* to show all) (? for menu, Esc to quit)
Zapping:
d - a wand of random effects (5)
Press: ? - help, Shift-Dir - straight line, f/p - Duvessa
Aim: Duvessa, wielding a short sword of electrocution (lightly wounded, slightly transparent)
The puff of flame hits Duvessa.
Duvessa is moderately wounded.
This wand has 4 charges left.
Dowan zaps a wand.
Duvessa resists with almost no effort.
Duvessa hits you but does no damage.
You are electrocuted!
You die...

.###.# # #...#.# .
.....##. ...... .
....#
...#.##...####.#
........e........
#.###e# ...
##..#...#@####....
..................
....#...#..........
. #.............. .
#. #####.####.....
#.. #. #.# ... #..
#.# ####.### #..
#.###......# #..
#...)......#


You could see Duvessa (invisible) and Dowan.

Vanquished Creatures
  A phantom (D:4)
  An orc priest (D:3)
  2 orc wizards
  5 orcs
  A bat skeleton (D:4)
  3 giant cockroaches
  2 hobgoblins (D:1)
  2 kobolds
  3 quokkas
  A ball python (D:3)
  A giant gecko (D:1)
  A giant newt (D:2)
  2 goblins
25 creatures vanquished.

Notes
Turn   | Place    | Note
--------------------------------------------------------------
     0 | D:1      | Amnesiac, the Spriggan Artificer, began the quest for the Orb.
     0 | D:1      | Reached XP level 1. HP: 9/9 MP: 2/2
    15 | D:1      | Reached skill level 1 in Fighting
   424 | D:2      | Reached XP level 2. HP: 7/14 MP: 5/5
   618 | D:3      | Reached skill level 5 in Evocations
   618 | D:3      | Reached XP level 3. HP: 16/18 MP: 8/8
   642 | D:3      | Reached XP level 4. HP: 20/22 MP: 11/11
  1132 | D:4      | Got a brightly glowing short sword
  1136 | D:4      | Noticed a phantom
  1163 | D:4      | Killed a phantom
  1163 | D:4      | Reached XP level 5. HP: 25/25 MP: 14/14
  1197 | D:4      | Noticed Dowan
  1200 | D:4      | Noticed Duvessa
  1208 | D:4      | HP: 1/25 [Duvessa/glowing short sword (18)]
  1209 | D:4      | Mangled by Duvessa

Action                   |  1- 3 |  4- 6 || total
-------------------------+-------+-------++-------
Melee: Short sword       |    35 |       ||    35
       Dagger            |       |    53 ||    53
Evoke: Wand              |     6 |     8 ||    14
